 Dungeon Crawl Stone Soup version 0.23-a0-642-g3120c2f (webtiles) character file.

2119 Azzok the Digger (level 9, -4/57 HPs)
             Began as a Demonspawn Earth Elementalist on Dec 30, 2018.
             Slain by an unseen horror (7 damage)
             ... on level 7 of the Dungeon.
             The game lasted 00:13:00 (9692 turns).

Azzok the Digger (Demonspawn Earth Elementalist)    Turns: 9692, Time: 00:13:02

Health: -4/57      AC:  7    Str:  9    XL:     9   Next: 8%
Magic:  2/28       EV: 12    Int: 19    God:
Gold:   278        SH:  0    Dex: 14    Spells: 8/21 levels left

rFire    + . .     SeeInvis .   x - +3 short sword (freeze)
rCold    x . .     Gourm    .   (no shield)
rNeg     . . .     Faith    .   c - +0 robe
rPois    .         Spirit   .   (no helmet)
rElec    .         Reflect  .   p - +0 cloak
rCorr    .         Harm     .   (no gloves)
MR       .....                  m - +1 pair of boots
Stlth    ++........             u - amulet of magic regeneration
HPRegen  0.19/turn              v - ring of magical power
MPRegen  0.46/turn              q - ring of fire

@: about to teleport, very slightly contaminated
A: talons 1, yellow scales 1
a: no special abilities


You were on level 7 of the Dungeon.
You were not hungry.

You visited 1 branch of the dungeon, and saw 7 of its levels.

You collected 278 gold pieces.

Inventory:

Hand Weapons
 x - a +3 short sword of freezing (weapon)
Missiles
 w - 78 stones (quivered)
Armour
 c - a +0 robe (worn)
 m - a +1 pair of boots (worn)
 p - a +0 cloak (worn)
Jewellery
 l - an uncursed ring of ice
 q - a ring of fire (right hand)
 r - an uncursed ring of protection from magic
 u - an amulet of magic regeneration (around neck)
 v - a ring of magical power (left hand)
Wands
 a - a wand of polymorph (8)
Scrolls
 b - 3 scrolls of remove curse
 e - 2 scrolls of immolation
 g - 3 scrolls of enchant armour
 h - a scroll of magic mapping
 i - a scroll of identify
 o - a scroll of amnesia {unknown}
 t - a scroll of enchant weapon {unknown}
 y - a scroll of fog {unknown}
Potions
 j - a potion of lignification {unknown}
 k - 3 potions of curing
 n - 2 potions of might {unknown}
 s - 4 potions of agility {unknown}
 z - 2 potions of mutation {!q}
 A - a potion of brilliance {unknown}
 B - 2 potions of ambrosia
Comestibles
 d - 7 rations


   Skills:
 - Level 1.7 Dodging
 - Level 1.7 Stealth
 + Level 6.7 Spellcasting
 + Level 6.5 Conjurations
 - Level 0.8 Transmutations
 + Level 7.0 Earth Magic


You had 8 spell levels left.
You knew the following spells:

 Your Spells              Type           Power        Failure   Level  Hunger
a - Sandblast             Erth           ####..       1%          1    None
b - Stone Arrow           Conj/Erth      ####..       1%          3    ##.....
c - Petrify               Tmut/Erth      ###.....     21%         4    ####...
d - Lee's Rapid Deconstr  Erth           ####......   16%         5    #####..

Your spell library contained the following spells:

 Spells                   Type           Power        Failure   Level  Hunger
 Passwall                 Tmut/Erth      ###.....     3%          2    None
 Beastly Appendage        Tmut           #.....       8%          1    None
 Sticks to Snakes         Tmut           #.......     11%         2    None
 Spider Form              Tmut/Pois      #.........   26%         3    ##.....
 Ice Form                 Ice/Tmut       #.......     65%         4    ####...
 Blade Hands              Tmut           #.........   90%         5    #####..


Dungeon Overview and Level Annotations

Branches:
Dungeon (7/15)
 Temple: D:4-7

Altars:
Ashenzari
Dithmenos
Elyvilon
Gozag
Nemelex Xobeh
Okawaru
Qazlal
Ru
Sif Muna
Trog
Uskayaw
Wu Jian


Innate Abilities, Weirdness & Mutations

You have sharp toenails.
You are partially covered in yellow scales. (AC +2)


Message History

* * * LOW MAGIC WARNING * * *
Something hits you but does no damage.
Casting: Lee's Rapid Deconstruction (quite dangerous; 16% risk of failure)
Confirm with . or Enter, or press ? or * to list all spells.
Aiming: Lee's Rapid Deconstruction (quite dangerous; 16% risk of failure)
Press: ? - help, Dir - move target cursor A rock wall.
You miscast Lee's Rapid Deconstruction.
You are very lightly contaminated with residual magic.
You momentarily stiffen.
* * * LOW MAGIC WARNING * * *
Something hits you.
* * * LOW HITPOINT WARNING * * *
Something hits you!
* * * LOW HITPOINT WARNING * * *
As you read the scroll of teleportation, it crumbles to dust.
You feel strangely unstable. Something hits you.
* * * LOW HITPOINT WARNING * * *
Something hits you!
You die...

▒······▒▒▒▒ ▒······▒···
▒······▒··· ▒······▒···
··· ▒······▒▒▒▒ ····
▒▒▒▒▒▒▒······▒··· ▒··▒
▒·····▒······▒···
▒···▒▒▒▒▒▒·····▒·····)▒▒▒▒
·········@▒)···▒··········
·▒······▒·)··▒··········
▒······▒·)··▒▒▒▒▒▒▒····
▒······▒····▒▒····'····
▒······▒····▒▒····▒····
▒▒▒····▒··········▒▒▒'▒
'····▒····▒▒····▒▒···
·▒····▒····▒▒▒'▒▒▒▒···
··▒····▒·····▒····'····


There were no monsters in sight!

Vanquished Creatures
  Sigmund (D:4)
  A water moccasin (D:5)
  Duvessa (D:5)
  An ice beast (D:5)
  A black bear (D:7)
  A phantom (D:6)
  2 ogres (D:7)
  A centaur (D:7)
  A big kobold (D:7)
  A bullfrog (D:7)
  Dowan (D:5)
  A scorpion (D:3)
  9 wights
  2 howler monkeys
  A bullfrog zombie (D:5)
  4 hounds
  A bullfrog skeleton (D:4)
  2 orc priests
  A centaur skeleton (D:4)
  3 orc wizards
  A worker ant (D:7)
  A hound zombie (D:7)
  7 adders
  An adder skeleton (D:5)
  2 worms (D:3)
  A dart slug (D:1)
  7 leopard geckos
  13 orcs
  2 ball pythons
  9 bats
  A giant cockroach (D:2)
  7 hobgoblins
  11 kobolds
  3 quokkas (D:4)
  2 frilled lizards
  A giant cockroach zombie (D:5)
  8 goblins
  A jackal skeleton (D:4)
  10 rats
124 creatures vanquished.

Notes
Turn   | Place    | Note
-------+----------+-------------------------------------------
     0 | D:1      | Azzok the Demonspawn Earth Elementalist began the quest for
                  | the Orb.
     0 | D:1      | Reached XP level 1. HP: 13/13 MP: 3/3
   201 | D:1      | Reached skill level 3 in Earth Magic
   205 | D:1      | Gained mutation: You have sharp toenails. [demonic
                  | ancestry]
   205 | D:1      | Reached XP level 2. HP: 19/19 MP: 0/5
  1254 | D:2      | Reached XP level 3. HP: 24/24 MP: 2/7
  1259 | D:2      | Learned a level 3 spell: Stone Arrow
  1400 | D:2      | Found a sacrificial altar of Ru.
  1405 | D:2      | Found a sparkling altar of Nemelex Xobeh.
  1473 | D:2      | Found a hide-covered altar of Uskayaw.
  2793 | D:3      | Reached skill level 1 in Conjurations
  2971 | D:3      | Reached XP level 4. HP: 30/30 MP: 8/8
  3237 | D:3      | Reached skill level 4 in Earth Magic
  3237 | D:3      | Reached XP level 5. HP: 4/35 MP: 1/10
  3879 | D:3      | Found a shadowy altar of Dithmenos.
  4783 | D:4      | Noticed Sigmund
  4942 | D:4      | Killed Sigmund
  4942 | D:4      | Reached XP level 6. HP: 38/41 MP: 10/12
  5122 | D:4      | Identified the +1 scale mail of Going Fast {*Corrode rN+
                  | Dex+4}
  5138 | D:4      | Gained mutation: You are partially covered in yellow
                  | scales. (AC +2) [demonic ancestry]
  5138 | D:4      | Reached XP level 7. HP: 37/46 MP: 2/13
  5581 | D:4      | Reached skill level 5 in Earth Magic
  5888 | D:4      | Found a shattered altar of Ashenzari.
  5889 | D:4      | Found a deep blue altar of Sif Muna.
  5890 | D:4      | Found a bloodstained altar of Trog.
  5891 | D:4      | Found a white marble altar of Elyvilon.
  6372 | D:5      | Entered Level 5 of the Dungeon
  6372 | D:5      | Noticed Duvessa
  6372 | D:5      | Noticed Dowan
  6377 | D:5      | Killed Duvessa
  6504 | D:5      | Killed Dowan
  6504 | D:5      | Reached skill level 5 in Spellcasting
  7088 | D:5      | Found an iron altar of Okawaru.
  7256 | D:5      | Reached skill level 5 in Conjurations
  7256 | D:5      | Reached XP level 8. HP: 40/52 MP: 6/16
  7635 | D:6      | Found a stormy altar of Qazlal.
  7694 | D:6      | Reached skill level 6 in Earth Magic
  7945 | D:6      | Found an ornate altar of the Wu Jian Council.
  7969 | D:6      | Found an opulent altar of Gozag.
  8676 | D:6      | Noticed a deep elf mage
  8683 | D:6      | Noticed a jumping spider
  8683 | D:6      | Noticed a demonic crawler
  8983 | D:7      | Learned a level 4 spell: Petrify
  8989 | D:7      | Learned a level 5 spell: Lee's Rapid Deconstruction
  9525 | D:7      | Reached XP level 9. HP: 57/57 MP: 15/18
  9658 | D:7      | Reached skill level 7 in Earth Magic
  9692 | D:7      | Slain by an unseen horror

Vault maps used:
D:1:      scummos_arrival_hexagon, minmay_tetromino_s2
D:2:      eat_drink_and_be_merry_uskayaw, grunt_temple_overflow_open
D:3:      nicolae_dithmenos_through_a_glass_darkly,
          cheibrodos_sewer_entry_sluice
D:4:      chequers_temple_overflow_statue_of_worship, serial_rivers,
          chequers_serial_rivers_micro_e, chequers_serial_rivers_micro_c,
          chequers_serial_rivers_micro_a, chequers_serial_rivers_large_a,
          chequers_serial_rivers_small_3, chequers_serial_rivers_micro_d,
          chequers_ossuary_entry_cave, chequers_serial_rivers_micro_a,
          uniq_sigmund
D:5:      okawaru_ov_weapons_minmay, first_ration, uniq_duvessa
D:6:      kennysheep_mini, lemuel_round_altar, grunt_gozag_breadcrumbs,
          grunt_qazlal_sundering, minmay_temple_entry_arrows, roderic_lattice_a,
          guppyfry_early_elven_hall
D:7:      zin_scriptorium, serial_shops, shop

Skill      XL: |  1  2  3  4  5  6  7  8  9 |
---------------+----------------------------+-----
Earth Magic    | 3 4 5 6 7 |  7.0
Spellcasting   | 3 4 5 6 |  6.7
Conjurations   | 1 2 3 5 6 |  6.5
Dodging        | |  1.7
Stealth        | |  1.7
Transmutations | |  0.8

Action                   |  1- 3 |  4- 6 |  7- 9 || total
-------------------------+-------+-------+-------++-------
Melee: Club              |    67 |    21 |       ||    88
       Kick              |     1 |       |       ||     1
       Short sword       |       |     5 |    23 ||    28
 Cast: Sandblast         |    43 |    16 |    11 ||    70
       Stone Arrow       |     9 |    54 |   100 ||   163
       Lee's Rapid Decon |       |       |     9 ||     9
  Use: Potion            |       |     1 |     1 ||     2
       Scroll            |       |       |    11 ||    11
  Eat: Chunk             |     8 |     6 |     8 ||    22
       Ration            |       |     2 |     4 ||     6
Armor: Robe              |    28 |    19 |    23 ||    70
Dodge: Dodged            |    68 |    31 |    42 ||   141

Table legend:
 A = Non-vault XP
 B = Vault XP
 C = Vault XP percentage of total XP
 D = Non-vault monster count
 E = Vault monster count
 F = Vault count percentage of total count
                 A         B        C        D         E       F
            +---------+---------+-------+---------+---------+-------
      Total |    2588 |     440 |  14.5 |     118 |       6 |   4.8
            +---------+---------+-------+---------+---------+-------
        D:1 |      28 |       2 |   6.7 |      15 |       1 |   6.2
        D:2 |      47 |       0 |   0.0 |      16 |       0 |   0.0
        D:3 |     201 |       7 |   3.4 |      29 |       2 |   6.5
        D:4 |     415 |     208 |  33.4 |      16 |       1 |   5.9
        D:5 |     457 |     223 |  32.8 |       9 |       2 |  18.2
        D:6 |     443 |       0 |   0.0 |      11 |       0 |   0.0
        D:7 |     997 |       0 |   0.0 |      22 |       0 |   0.0
            +---------+---------+-------+---------+---------+-------
